 Dungeon Crawl Stone Soup version 0.30.0 (webtiles) character file.

Game seed: 13308539449310227508

125 Dani the Chopper (level 4, 0/35 HPs)
             Began as a Demonspawn Fighter on May 20, 2023.
             Killed by nerve-wracking pain
             ... invoked by an orc priest
              (10 damage)
             ... on level 3 of the Dungeon.
             The game lasted 00:03:09 (2056 turns).

Dani the Chopper (Demonspawn Fighter)               Turns: 2056, Time: 00:03:09

Health: 0/35       AC:  9    Str: 16    XL:     4   Next: 82%
Magic:  4/4        EV:  8    Int: 14    God:
Gold:   81         SH:  4    Dex: 12    Spells: 3/3 levels left

rFire   . . .        a - +1 war axe
rCold   + . .        f - +0 buckler
rNeg    . . .        b - +1 scale mail
rPois   .            j - +2 hat
rElec   .            (no cloak)
rCorr   .            (no gloves)
SInv    .            (no boots)
Will    .....        (no amulet) Stlth
                     c - ring of protection from cold
HPRegen 0.25/turn    (no ring)
MPRegen 0.09/turn

%: no passive effects
@: lethally poisoned (0 -> -12)
A: antennae 2, big brain 1
a: no special abilities


You were on level 3 of the Dungeon.
You visited 1 branch of the dungeon, and saw 3 of its levels.

You collected 81 gold pieces.

Inventory:

Hand Weapons
 a - a +1 war axe (weapon)
Armour
 b - a +1 scale mail (worn)
 f - a +0 buckler (worn)
 j - a +2 hat (worn)
   (You found it on level 1 of the Dungeon)
Jewellery
 c - a ring of protection from cold (left hand)
   (You found it on level 1 of the Dungeon)
Scrolls
 g - a scroll of fog
 n - a scroll of enchant armour
 R - 2 scrolls of identify {@r1}
 T - a scroll of teleportation
Potions
 d - a potion of might
 e - a potion of lignification {unknown}
 h - a potion of haste {unknown}
 i - 2 potions of heal wounds {unknown}
 k - 3 potions of cancellation {unknown}
 l - a potion of berserk rage {unknown}


   Skills:
 - Level 3.0 Fighting
 + Level 4.6 Axes
 - Level 2.6 Armour
 - Level 2.6 Shields


You had 3 spell levels left.
You didn't know any spells.
Your spell library contained the following spells:

 Spells                   Type           Power      Damage    Failure   Level
 Iskenderun's Battlesphe  Conj           0%         2d6       100%        5
 Iron Shot                Conj/Erth      0%         9d1       100%        6
 Spellforged Servitor     Conj/Summ      0%         N/A       100%        7


Dungeon Overview and Level Annotations

Branches:
Dungeon (3/15)

Altars:
Fedhas
Nemelex Xobeh
Qazlal

Shops:
D:1 (


Innate Abilities, Weirdness & Mutations

You have a pair of antennae on your head.
You have an unusually large brain. (Int +2)


Message History

Jessica barely misses you.
The +1 spectral club closely misses you.
There are monsters nearby!
You hit Jessica.
Jessica is heavily wounded.
You barely miss the +1 spectral club.
Jessica hits you with a +1 spectral club.
You block the +1 spectral club's attack.
You block Jessica's attack.
You block the +1 spectral club's attack.
There are monsters nearby!
You slash Jessica!
You kill Jessica!
The +1 spectral club disappears.
Things that are here:
a +1 spectral club; a +0 robe No target in view!
Key pressed, stopping explore.
No target in view!
i - 2 black potions (gained 1) Key pressed, stopping explore.
No target in view!
Things that are here:
a +1 spectral club; a +0 robe
There is an escape hatch in the floor here.
Key pressed, stopping explore.
Found 6 poisoned darts.
Found a stone staircase leading up.
A giant cockroach comes into view.
Found a scroll labelled NUQOPN DOTIRA and a short sword.
A giant cockroach is nearby!
A giant cockroach is nearby!
You hit the giant cockroach.
The giant cockroach is almost dead.
The giant cockroach bites you but does no damage. x2
You closely miss the giant cockroach.
The giant cockroach is almost dead.
You block the giant cockroach's attack.
You slash the giant cockroach!
You kill the giant cockroach!
No target in view!
No target in view!
No target in view!
No target in view!
No target in view!
No target in view!
No target in view!
No target in view!
No target in view!
No target in view!
No target in view!
No target in view!
No target in view!
You now have 81 gold pieces (gained 10).
g - 2 scrolls labelled SAPUFOEXKOLU
m - a scroll labelled NUQOPN DOTIRA Key pressed, stopping explore.
A bat comes into view.
Found 4 javelins.
As you read the scroll labelled SAPUFOEXKOLU, it crumbles to dust.
The scroll dissolves into smoke.
It was a scroll of fog.
As you read the scroll labelled NUQOPN DOTIRA, it crumbles to dust.
It is a scroll of enchant weapon.
Your +0 war axe glows red for a moment.
The bat hits you but does no damage.
You sense a monster nearby. 2 orcs, an orc wizard and an orc priest come into view.
The orc wizard is wielding a +2 dagger of venom.
Found a stone staircase leading down.
The orc shouts! x2; The orc priest shouts!
The bat closely misses you.
There are monsters nearby!
You hit the bat.
You kill the bat!
There are monsters nearby!
Found an escape hatch in the ceiling.
The orc hits you but does no damage.
The orc wizard hits you but does no damage.
You are poisoned.
The orc priest mumbles some strange prayers to Beogh against you.
Beogh smites you!
* * * LOW HITPOINT WARNING * * *
There are monsters nearby!
You hit the orc wizard.
The orc wizard is lightly wounded.
You feel sick. The orc barely misses you.
The orc wizard hits you but does no damage.
You are more poisoned.
The orc hits you but does no damage.
The orc wizard hits you but does no damage.
You are lethally poisoned!
The orc hits you from afar with a +0 trident.
* * * LOW HITPOINT WARNING * * *
You slash the orc wizard!
The orc wizard is severely wounded.
You hit the orc.
* * * LOW HITPOINT WARNING * * *
You feel very sick. The orc hits you but does no damage.
The orc priest invokes the aid of Beogh against you.
Pain shoots through your body!
You die...

#....#######..
#### #............
...# ...>.......#
# ...#
#.........##.#
...# #.(.§§....<
..## ###.§§.oo..#
#### #...§§.§o.§#
#>## #§§o@...#
=..8# §§§#####
....#
.....§#§######
....8# ###.#
#§§§§..## ....## #
######..# ...8#
######.####...
..##
##...........♣.
....8#
##...............
....#
#)............♣.♣.


You could see an orc priest, an orc wizard and 2 orcs.

Vanquished Creatures
  Jessica (D:3)
  4 adders
  A worm (D:3)
  5 dart slugs
  5 endoplasms
  2 giant cockroaches
  7 goblins
  7 hobgoblins
  A kobold (D:1)
  3 ball pythons (D:1)
  6 bats
  4 frilled lizards
  6 rats
52 creatures vanquished.

Vanquished Creatures (others)
  A fungus (D:3)
  A plant (D:3)
2 creatures vanquished.

Grand Total: 54 creatures vanquished

Notes
Turn   | Place    | Note
-------+----------+-------------------------------------------
     0 | D:1      | Dani the Demonspawn Fighter began the quest for the Orb.
     0 | D:1      | Reached XP level 1. HP: 18/18 MP: 1/1
    23 | D:1      | Found Feobuola's Antique Weapon Boutique.
    34 | D:1      | Reached skill level 2 in Axes
   232 | D:1      | Gained mutation: You have an unusually large brain. (Int
                  | +2) [demonic ancestry]
   232 | D:1      | Reached XP level 2. HP: 24/24 MP: 2/2
   594 | D:1      | Reached skill level 3 in Axes
  1058 | D:2      | Gained mutation: You have a pair of small antennae on your
                  | head. [demonic ancestry]
  1058 | D:2      | Reached XP level 3. HP: 29/29 MP: 3/3
  1390 | D:2      | Reached skill level 4 in Axes
  1390 | D:2      | Gained mutation: You have a pair of antennae on your head.
                  | [demonic ancestry]
  1390 | D:2      | Reached XP level 4. HP: 28/35 MP: 4/4
  1803 | D:3      | Found a sparkling altar of Nemelex Xobeh.
  1817 | D:3      | Found a stormy altar of Qazlal.
  1829 | D:3      | Found a blossoming altar of Fedhas.
  1951 | D:3      | Noticed Jessica
  1963 | D:3      | Killed Jessica
  2056 | D:3      | Killed from afar by an orc priest

Illustrated notes

Levels and vault maps discovered:
D:1:      dpeg_arrival_houses_and_road, layout_basic, serial_shops,
          nicolae_shop_tiny_statue_garden, amcnicky_mini_pool_small,
          minivault_27, kennysheep_decorative_pillar, roderic_lattice_a
D:2:      layout_loops_ring
D:3:      layout_rooms, grunt_temple_overflow_forces_of_nature,
          nicolae_overflow_ecumenical_swirl, nicolae_overflow_hidden_temple,
          mainiacjoe_overflow_paths, mainiacjoe_overflow_catwalk_spiral,
          serial_forest, infiniplex_forest_lined_3, infiniplex_forest_lined_3,
          infiniplex_forest_clump_small, infiniplex_forest_clump_diagonal,
          infiniplex_forest_lined_2, uniq_jessica, uniq_crazy_yiuf_cottage

Skill      XL: |  1  2  3 |
---------------+----------+-----
Axes           | 2 3 4 |  4.6
Fighting       | |  3.0
Armour         | |  2.6
Shields        | |  2.6

Action                     |  1- 3 |  4- 6 || total
---------------------------+-------+-------++-------
  Melee: War axe           |   112 |    32 ||   144
    Use: Scroll            |     2 |     4 ||     6
 Armour: Scale mail        |    63 |    29 ||    92
  Dodge: Dodged            |    56 |     9 ||    65
  Block: Buckler           |    17 |     7 ||    24

Levels and vault maps discovered:
D:1:      dpeg_arrival_houses_and_road, layout_basic, serial_shops,
          nicolae_shop_tiny_statue_garden, amcnicky_mini_pool_small,
          minivault_27, kennysheep_decorative_pillar, roderic_lattice_a
D:2:      layout_loops_ring
D:3:      layout_rooms, grunt_temple_overflow_forces_of_nature,
          nicolae_overflow_ecumenical_swirl, nicolae_overflow_hidden_temple,
          mainiacjoe_overflow_paths, mainiacjoe_overflow_catwalk_spiral,
          serial_forest, infiniplex_forest_lined_3, infiniplex_forest_lined_3,
          infiniplex_forest_clump_small, infiniplex_forest_clump_diagonal,
          infiniplex_forest_lined_2, uniq_jessica, uniq_crazy_yiuf_cottage

Table legend: (Time is in decaauts)
 A = Elapsed time spent in this place.
 B = Non-inter-level travel time spent in this place.
 C = Inter-level travel time spent in this place.
 D = Time resting spent in this place.
 E = Time spent auto-exploring this place.
 F = Levels seen in this place.
 G = Mean time per level.
                   A        B        C        D        E       F      G
               +--------+--------+--------+--------+--------+-----+--------+
         Total |   2109 |   2005 |    104 |      0 |   1592 |   3 |  703.0 |
       Dungeon |   2109 |   2005 |    104 |      0 |   1592 |   3 |  703.0 |
               +--------+--------+--------+--------+--------+-----+--------+

Top non-repeatable levels by time:
     D:1: 1074 daAuts
     D:2: 684 daAuts
     D:3: 350 daAuts

Table legend:
 A = Kills in this place as a percentage of kills in the entire game.
 B = Kills by you in this place as a percentage of kills by you in the entire game.
 C = Kills by friends in this place as a percentage of kills by friends in the entire game.
 D = Other kills in this place as a percentage of other kills in the entire game.
 E = Experience gained in this place as a percentage of experience gained in the entire game.
 F = Experience gained in this place divided by the number of levels of this place that you have seen.
                   A       B       C       D       E      F
               +-------+-------+-------+-------+-------+----------------------
         Total | 100.0 | 100.0 |   N/A |   N/A | 100.0 |  59.7
       Dungeon | 100.0 | 100.0 |   N/A |   N/A | 100.0 |  59.7
               +-------+-------+-------+-------+-------+----------------------
